 Dungeon Crawl Stone Soup version 0.29-a0-100-g60f898f876 (webtiles) character file.

Game seed: 14651543051274737669

3009 frimble the Chiller (level 9, -2/69 HPs)
             Began as a Demonspawn Ice Elementalist on Feb 13, 2022.
             Was a Believer of Cheibriados.
             Slain by Harold (3 damage)
             ... on level 9 of the Dungeon on Feb 14, 2022.
             The game lasted 00:14:37 (11201 turns).

frimble the Chiller (Demonspawn Ice Elementalist)  Turns: 11201, Time: 00:14:37

Health: -2/69      AC: 11    Str: 17    XL:     9   Next: 54%
Magic:  2/12       EV: 18    Int: 22    God:    Cheibriados [**....]
Gold:   528        SH:  6    Dex: 20    Spells: 5/12 levels left

rFire   . . .      SeeInvis .     - Unarmed
rCold   . . .      Faith    .   a - +0 buckler
rNeg    . . .      Spirit   .   f - +0 robe {Will+}
rPois   .          Reflect  .   (no helmet)
rElec   .          Harm     .   (no cloak)
rCorr   .          Rampage  .   (gloves unavailable)
Will    +....                   (no boots)
Stlth   ++........              (no amulet)
HPRegen 0.21/turn               (no ring)
MPRegen 0.13/turn               (no ring)

@: agile, ice-armoured, marked, freezing walls, attractive, very slow
A: yellow scales 1, powered by pain 2, condensation shield, demonic touch 3,
dopey 1
a: Renounce Religion, Bend Time


You were on level 9 of the Dungeon.
You worshipped Cheibriados.
Cheibriados was pleased with you.
You visited 1 branch of the dungeon, and saw 9 of its levels.
You also visited: Ossuary.

You collected 528 gold pieces.

Inventory:

Armour
 a - a +0 buckler (worn)
 f - a +0 robe of willpower (worn)
Jewellery
 s - a ring of flight
Wands
 r - a wand of acid (2)
Scrolls
 d - 4 scrolls of holy word
 g - a scroll of amnesia
 h - a scroll of enchant weapon
 i - a scroll of immolation
 j - a scroll of blinking
 k - a scroll of magic mapping
 m - a scroll of teleportation
Potions
 b - a potion of magic
 c - 5 potions of might
 e - 2 potions of attraction
 l - 3 potions of heal wounds
 n - 3 potions of curing
 o - 2 potions of lignification
 p - a potion of cancellation {unknown}
 q - a potion of haste
 t - a potion of brilliance {unknown}


   Skills:
 + Level 5.7 Fighting
 + Level 3.1 Dodging
 - Level 1.9 Stealth
 + Level 4.7 Shields
 + Level 5.8 Unarmed Combat
 - Level 2.1 Spellcasting
 + Level 7.2 Ice Magic
 + Level 3.5 Invocations
 + Level 2.3 Evocations


You had 5 spell levels left.
You knew the following spells:

 Your Spells              Type           Power      Damage    Failure   Level
a - Freeze                Ice            100%       1d11      1%          1
b - Frozen Ramparts       Ice            68%        1d8       2%          3
c - Ozocubu's Armour      Ice            34%        N/A       2%          3

Your spell library contained the following spells:

 Spells                   Type           Power      Damage    Failure   Level
 Magic Dart               Conj           8%         1d3       17%         1
 Slow                     Hex            8%         N/A       17%         1
 Call Imp                 Summ           2%         N/A       26%         2
 Hailstorm                Conj/Ice       18%        3d6       36%         4
 Call Canine Familiar     Summ           2%         N/A       45%         3
 Confusing Touch          Hex            2%         N/A       45%         3
 Mephitic Cloud           Conj/Pois/Air  2%         N/A       45%         3
 Portal Projectile        Hex/Tloc       4%         N/A       45%         3
 Vampiric Draining        Necr           2%         2d6       45%         3
 Leda's Liquefaction      Hex/Erth       1%         N/A       86%         4


Dungeon Overview and Level Annotations

Branches:
Dungeon (9/15)             Temple (0/1) D:7         Ossuary (visited)
   Lair: D:8-11         Orc: D:9-12

Altars:
Ashenzari
Cheibriados
Gozag
Makhleb
Okawaru
Qazlal
Sif Muna
Wu Jian
Zin
The Shining One

Shops:
D:1 [   D:2 :   D:7 !*

Annotations:
D:8 exclusion: death yak
D:9 Harold


Innate Abilities, Weirdness & Mutations

You are partially covered in yellow scales. (AC +2)
You sometimes gain power by taking damage.
A meltable shield of frost defends you. (SH +0)
Your touch may irresistibly damage your foes and sap their willpower.
You are dopey. (Int -2)


Message History

Harold is heavily wounded.
You block the centaur's attack.
The centaur kicks you but does no damage.
The centaur misses you. The centaur barely misses you.
Harold closely misses you.
Casting: Frozen Ramparts (dangerous; 2% risk of failure)
Confirm with . or Enter, or press ? or * to list all spells.
Your icy armour thickens.
Harold completely misses you.
Casting: Ozocubu's Armour (dangerous; 2% risk of failure)
Confirm with . or Enter, or press ? or * to list all spells.
Casting: Frozen Ramparts (dangerous; 2% risk of failure)
Press: ? - help, Dir - look around, f - activate The walls around you are covered in ice.
The wall freezes the centaur.
You kill the centaur!
Cheibriados thoroughly appreciates the change of pace.
The wall freezes the wolf spider.
You block the wolf spider's attack. The wolf spider barely misses you.
The wall freezes Harold.
Harold hits you with a +2 hand axe of flaming.
Harold burns you. The heat melts your icy armour.
You hit the wolf spider.
The wolf spider is lightly wounded.
The wall freezes the wolf spider.
The wolf spider hits you! The wolf spider closely misses you.
The wall freezes Harold.
Harold hits you with a +2 hand axe of flaming.
Harold burns you.
The wall freezes the wolf spider.
The wolf spider barely misses you. The wolf spider closely misses you.
The heat melts your icy armour.
You closely miss the wolf spider.
The wolf spider is moderately wounded.
The wall freezes the wolf spider.
The wolf spider hits you!
* * * LOW HITPOINT WARNING * * *
You focus on the pain.
You feel agile all of a sudden. You block the wolf spider's attack.
The wall freezes Harold.
Harold hits you with a +2 hand axe of flaming!
* * * LOW HITPOINT WARNING * * *
Harold burns you.
You die...

#...........#
....###.###.#######
....# #............
....###.###.######.
#.#.....###.###
#<##..........#
#.##...###..#.####
#.##.............#
.....#####.#####@#
.....# ...
#@s......
#..).##..##
#)#.#.#.. .....#..#
#.#.# ..##.#.. #.#
# ..# ... ..# ..#
.#.# #.# ..# .#.#
#.# ... .# #


You could see Harold and a wolf spider.

Vanquished Creatures
  A troll (D:9)
  Sigmund (D:5)
  A steam dragon (D:7)
  A black bear (D:4)
  2 orc warriors
  An ice beast (D:8)
  2 necrophages
  5 ogres
  4 centaurs
  2 kobold brigands
  Blork the orc (D:5)
  3 scorpions
  2 howler monkeys
  A bullfrog zombie (D:6)
  A bullfrog skeleton (D:5)
  3 hounds
  3 orc priests
  A centaur skeleton (D:7)
  An iguana (D:5)
  Ijyb (D:4)
  An orc wizard (D:5)
  2 scorpion zombies (D:5)
  2 killer bee zombies (D:6)
  A hound skeleton (D:7)
  8 mummies (Ossuary)
  4 gnolls (D:5)
  7 adders
  An ufetubus (D:4)
  An adder skeleton (D:4)
  2 worms (D:3)
  2 dart slugs
  15 orcs
  7 ball pythons
  4 endoplasms
  2 giant cockroaches
  12 goblins
  2 hobgoblins (D:3)
  15 kobolds
  4 quokkas
  7 bats
  5 frilled lizards
  2 gnoll zombies (Ossuary)
  3 hobgoblin zombies (Ossuary)
  2 kobold zombies (Ossuary)
  An orc zombie (Ossuary)
  4 rats
153 creatures vanquished.

Notes
Turn   | Place    | Note
-------+----------+-------------------------------------------
     0 | D:1      | frimble the Demonspawn Ice Elementalist began the quest for
                  | the Orb.
     0 | D:1      | Reached XP level 1. HP: 13/13 MP: 3/3
   560 | D:1      | Found Itawnis's Armour Shop.
   597 | D:1      | Gained mutation: Your touch may inflict minor irresistible
                  | damage on your foes. [demonic ancestry]
   597 | D:1      | Reached XP level 2. HP: 8/19 MP: 1/5
  1347 | D:1      | Reached skill level 4 in Ice Magic
  2055 | D:2      | Found a broken altar of Ashenzari.
  2112 | D:2      | Found Jicseotwin's Book Shoppe.
  2278 | D:2      | Gained mutation: You are partially covered in yellow
                  | scales. (AC +2) [demonic ancestry]
  2278 | D:2      | Reached XP level 3. HP: 22/24 MP: 6/6
  2485 | D:2      | Found a faded altar of an unknown god.
  2495 | D:2      | Reached skill level 1 in Unarmed Combat
  3206 | D:3      | Reached skill level 1 in Shields
  3354 | D:3      | Learned a level 3 spell: Frozen Ramparts
  3401 | D:3      | Gained mutation: A meltable shield of frost defends you.
                  | (SH +0) [demonic ancestry]
  3401 | D:3      | Reached XP level 4. HP: 19/30 MP: 1/7
  4152 | D:3      | Found a snail-covered altar of Cheibriados.
  4166 | D:3      | Became a worshipper of Cheibriados the Contemplative
  4276 | D:3      | Found a broken altar of Ashenzari.
  4517 | D:3      | Found an iron altar of Okawaru.
  4857 | D:4      | Gained mutation: Your touch may inflict irresistible damage
                  | on your foes. [demonic ancestry]
  4857 | D:4      | Reached XP level 5. HP: 25/35 MP: 4/8
  5146 | D:4      | Noticed Ijyb
  5147 | D:4      | Paralysed by Ijyb for 7 turns
  5161 | D:4      | Killed Ijyb
  5207 | D:4      | Noticed a black bear
  5218 | D:4      | Killed a black bear
  5219 | D:4      | Reached skill level 1 in Fighting
  5219 | D:4      | Reached XP level 6. HP: 31/43 MP: 1/9
  5471 | D:4      | Found a shimmering blue altar of Sif Muna.
  6135 | D:5      | Entered Level 5 of the Dungeon
  6148 | D:5      | Reached skill level 5 in Ice Magic
  6153 | D:5      | Gained mutation: You are dopey. (Int -2) [potion of
                  | mutation]
  6153 | D:5      | HP: 2/44 [poisoned by a kobold]
  6438 | D:5      | Reached * piety under Cheibriados
  6486 | D:5      | Noticed Sigmund
  6491 | D:5      | Gained mutation: Your touch may irresistibly damage your
                  | foes and sap their willpower. [demonic ancestry]
  6491 | D:5      | Reached XP level 7. HP: 29/51 MP: 6/10
  6503 | D:5      | Killed Sigmund
  6508 | D:5      | Found a sand-covered staircase.
  6513 | Ossuary  | Entered an ossuary
  6559 | Ossuary  | Learned a level 3 spell: Ozocubu's Armour
  7384 | D:5      | Gained mutation: You sometimes gain a little power by
                  | taking damage. [demonic ancestry]
  7384 | D:5      | Reached XP level 8. HP: 58/58 MP: 4/11
  7521 | D:5      | Reached skill level 6 in Ice Magic
  7939 | D:5      | HP: 2/61 [scorpion zombie (4)]
  8089 | D:5      | Noticed Blork the orc
  8101 | D:5      | Killed Blork the orc
  8479 | D:5      | Upgraded the game from 0.29-a0-97-g88c9fad16d to
                  | 0.29-a0-100-g60f898f876
  8551 | D:6      | Reached skill level 5 in Unarmed Combat
  8660 | D:6      | Found an ornate altar of the Wu Jian Council.
  8839 | D:6      | Reached ** piety under Cheibriados
  8865 | D:6      | Found a stormy altar of Qazlal.
  8898 | D:6      | Reached skill level 5 in Fighting
  9091 | D:6      | Reached skill level 1 in Invocations
  9582 | D:7      | Found an opulent altar of Gozag.
  9584 | D:7      | Found a staircase to the Ecumenical Temple.
  9837 | D:7      | Gained mutation: You sometimes gain power by taking damage.
                  | [demonic ancestry]
  9837 | D:7      | Reached XP level 9. HP: 62/68 MP: 6/12
  9923 | D:7      | Reached skill level 1 in Evocations
  9929 | D:7      | Found Qees's Distillery.
 10402 | D:7      | Found a burning altar of Makhleb.
 10535 | D:7      | Reached skill level 7 in Ice Magic
 10558 | D:7      | Found Gozag's Platinum Reserve.
 10935 | D:8      | Noticed a death yak
 10935 | D:8      | Noticed a death yak
 11184 | D:9      | Noticed a troll
 11189 | D:9      | Noticed Harold
 11191 | D:9      | Killed a troll
 11196 | D:9      | Noticed a wolf spider
 11201 | D:9      | HP: 1/69 [Harold (12)]
 11201 | D:9      | Slain by Harold

Illustrated notes

Levels and vault maps discovered:
D:1:      dpeg_arrival_signposts, layout_loops_corners, serial_shops,
          nicolae_shop_advertising_works [nicolae_subvault_shop_adworks],
          minmay_misc_feat_alley
D:2:      layout_basic, hellmonk_ecumenical_altar_prayer_group, basic_altar,
          serial_shops, nicolae_shop_hallway_stairs
D:3:      layout_basic, cheibriados_altar_1, lemuel_doored_altar,
          ashenzari_conservatory_becter, minmay_goblin_outpost
D:4:      layout_layer_cave, mainiacjoe_overflow_paths, uniq_ijyb
D:5:      layout_gridville, nicolae_ossuary_entry_ruins, uniq_blork_the_orc,
          uniq_sigmund
D:6:      layout_basic, mainiacjoe_overflow_catwalk_spiral, lemuel_tele_altar
D:7:      layout_cave_pools, nicolae_gozag_zags_fifth_avenue,
          makhleb_blood_cavern_becter, minmay_temple_entry_gardened_gates,
          serial_shops, shop
D:8:      layout_loops_cross, tso_altar, dpeg_lair_monsters
D:9:      minmay_the_grid_net [minmay_the_grid_outer_circle, minmay_the_grid_x,
          minmay_the_grid_minigrid_large, minmay_the_grid_large_cup,
          minmay_the_grid_minigrid_medium, minmay_the_grid_prize_diamond_cup],
          layout_loops_ring, tgw_trog, uniq_harold

Skill      XL: |  1  2  3  4  5  6  7  8  9 |
---------------+----------------------------+-----
Ice Magic      | 4 5 6 7 |  7.2
Unarmed Combat | 1 2 3 4 5 |  5.8
Shields        | 1 2 3 4 |  4.7
Fighting       | 1 2 3 5 |  5.7
Dodging        | 2 3 |  3.1
Invocations    | 1 3 |  3.5
Evocations     | 2 |  2.3
Stealth        | |  1.9
Spellcasting   | |  2.1

Action                   |  1- 3 |  4- 6 |  7- 9 || total
-------------------------+-------+-------+-------++-------
Melee: Unarmed           |    69 |   117 |   290 ||   476
       Touch             |     9 |    17 |    28 ||    54
       Punch             |     2 |     3 |     6 ||    11
 Cast: Freeze            |    41 |    19 |     9 ||    69
       Frozen Ramparts   |     1 |     8 |    17 ||    26
       Ozocubu's Armour  |       |       |    21 ||    21
Evoke: Wand              |       |     1 |     1 ||     2
  Use: Scroll            |     3 |     5 |    10 ||    18
       Potion            |       |     5 |     2 ||     7
 Stab: Sleeping          |     4 |     3 |     5 ||    12
       Distracted        |       |     1 |       ||     1
       Paralysed         |       |       |     4 ||     4
Armor: Robe              |    17 |    33 |    67 ||   117
Dodge: Dodged            |    73 |    82 |   143 ||   298
Block: Other             |       |    23 |     8 ||    31
       Buckler           |       |       |   128 ||   128

Table legend: (Time is in decaauts)
 A = Elapsed time spent in this place.
 B = Non-inter-level travel time spent in this place.
 C = Inter-level travel time spent in this place.
 D = Time resting spent in this place.
 E = Time spent auto-exploring this place.
 F = Levels seen in this place.
 G = Mean time per level.
                   A        B        C        D        E       F      G
               +--------+--------+--------+--------+--------+-----+--------+
         Total |  12649 |  12165 |    484 |    188 |  10317 |  10 | 1264.9 |
       Dungeon |  11962 |  11478 |    484 |    158 |   9858 |   9 | 1329.1 |
       Ossuary |    687 |    687 |      0 |     30 |    458 |   1 |  687.0 |
               +--------+--------+--------+--------+--------+-----+--------+

Top non-repeatable levels by time:
     D:5: 2050 daAuts
     D:1: 1877 daAuts
     D:3: 1710 daAuts
     D:4: 1701 daAuts
     D:2: 1311 daAuts
     D:7: 1308 daAuts
     D:6: 1283 daAuts
 Ossuary: 687 daAuts
     D:8: 478 daAuts
     D:9: 242 daAuts
